[Event "*** Titled Tuesday Blitz"]
[Site "Chess.com"]
[Date "2019.04.02"]
[Round "6"]
[White "SolidAsARook"]
[Black "AsaHoffmann"]
[Result "1-0"]
[WhiteElo "2246"]
[BlackElo "2193"]
[TimeControl "180+2"]
[EndTime "15:19:59 PDT"]
[Termination "SolidAsARook won by resignation"]

1. c4 Nf6 2. g3 c6 3. Bg2 d6 4. Nf3 e5 5. O-O Be7 6. e3 O-O 7. d4 e4 8. Nfd2 d5 9. Nc3 Be6 10. b3 Qd7 11. f3 exf3 12. Nxf3 Bg4 13. Qc2 Bf5 14. Qe2 Na6 15. Ne5 Qe6 16. Bb2 Nc7 17. Rae1 Bh3 18. e4 Bxg2 19. Qxg2 dxe4 20. Nxe4 Nxe4 21. Rxe4 Qd6 22. Qh3 Rad8 23. Qf5 Qe6 24.
Qf3 f5 25. Ree1 Bd6 26. Nxc6 Qxe1 27. Rxe1 bxc6 28. Qxc6 Rf6 29. Qf3 f4 30. g4 Rg6 31.
c5 Bf8 32. Qxf4 Nd5 33. Qe4 Nf6 34. Qe6+ Kh8 35. h3 h5 36. Kh2 hxg4 37. h4 g3+ 38.
Kg1 Kh7 39. d5 Nxd5 40. Qf5 Nf6 41. h5 Bxc5+ 42. Qxc5 Rd5 43. hxg6+ Kxg6 44. Qc2+ 1-0

[Event "*** Titled Tuesday Blitz"]
[Site "Chess.com"]
[Date "2019.04.02"]
[Round "6"]
[White "Alopekos"]
[Black "ElGasanov"]
[Result "1-0"]
[WhiteElo "2492"]
[BlackElo "2664"]
[TimeControl "180+2"]
[EndTime "15:20:03 PDT"]
[Termination "Alopekos won by checkmate"]

1. e4 c6 2. d4 d5 3. Nd2 g6 4. Ngf3 Bg7 5. c3 Nh6 6. Bd3 O-O 7. O-O f6 8. Re1 Nf7 9. Nf1 e5 10. dxe5 fxe5 11. h3 Nd7 12. Ng3 Nc5 13. Bc2 Be6 14. Be3 Qd6 15. Qd2 Rad8 16. Rad1 b6 17. b4 Nxe4 18. Nxe4 dxe4 19. Bxe4 Qc7 20. Qc2 Nd6 21. Ng5 Bc8 22. Bd3 Qe7 23. Ne4 Nf7 24. Bc4 Kh8 25.
Rxd8 Rxd8 26. Rd1 Rf8 27. Qd2 Bf5 28. Nd6 Nxd6 29. Qxd6 Qh4 30. Be6 Qe4 31. Bxf5 gxf5 32. Bg5 Qc2 33. Be7 Rg8 34. Bf6 Qxc3 35. Bxg7+ Kxg7 36. Qe7+ Kh6 37. Rd6+ Rg6 38. Qh4+ Kg7 39. Rd7+ Kh8 40. Qxh7# 1-0

[Event "*** Titled Tuesday Blitz"]
[Site "Chess.com"]
[Date "2019.04.02"]
[Round "6"]
[White "sofaceindisguise"]
[Black "ALeks_Ivlev"]
[Result "1-0"]
[WhiteElo "2553"]
[BlackElo "2477"]
[TimeControl "180+2"]
[EndTime "15:20:03 PDT"]
[Termination "sofaceindisguise won by resignation"]

1. c4 c5 2. Nf3 Nc6 3. Nc3 g6 4.
e3 Bg7 5. d3 Nh6 6. g3 O-O 7.
Bg2 a6 8. O-O Rb8 9. Qe2 b5 10.
Rd1 Nf5 11. Ne4 d6 12. Rb1 Qc7 13. b3 Bb7 14. Bb2 e5 15. Nc3 Nce7 16. g4 Nh6 17. g5 Nhf5 18. Ne4 d5 19. cxd5 Nxd5 20. Rbc1 Nb4 21. a3 Nd5 22. Nxc5 Qe7 23. Nxb7 Rxb7 24. Qc2 Rc7 25. Qb1 Rxc1 26. Rxc1 Nd6 27. Rc5 Qe6 28. Nxe5 Bxe5 29. Bxe5 Qxe5 30. Rxd5 Qe6 31. Qb2 Nf5 32. Qe5 Qc6 33. Rc5 Qd7 34. Be4 Nh4 35.
Qg3 Qe7 36. b4 f5 37. Bd5+ Kh8 38. Qxh4 f4 39. e4 Qg7 40. Qh3 Qa1+ 41. Qf1 Qe5 42. h4 f3 43. Qh3 Qa1+ 44. Kh2 Qb2 45. Qg3 a5 46. bxa5 Qa1 47. a6 h6 48. gxh6 Kh7 49.
Rc7+ Kh8 50. a7 Qf6 51. a8=Q Rxa8 52. Bxa8 1-0

[Event "*** Titled Tuesday Blitz"]
[Site "Chess.com"]
[Date "2019.04.02"]
[Round "6"]
[White "STAYFlow"]
[Black "CzechmVIII"]
[Result "0-1"]
[WhiteElo "2249"]
[BlackElo "2137"]
[TimeControl "180+2"]
[EndTime "15:20:03 PDT"]
[Termination "CzechmVIII won on time"]

1. d4 Nf6 2. c4 c5 3. d5 e6 4. g3 exd5 5. cxd5 d6 6. Nc3 g6 7.
Bg2 Bg7 8. Nf3 O-O 9. O-O a6 10. a4 Nbd7 11. Bf4 Qc7 12. Re1 Ng4 13. Rc1 Qb8 14.
e4 b5 15. axb5 axb5 16. Qc2 Nge5 17. Bd2 b4 18. Ne2 Ba6 19. Nf4 Nc4 20. b3 Nxd2 21.
Nxd2 Ne5 22. Bf1 Bxf1 23. Kxf1 Ra3 24. Kg2 Qa8 25. Nc4 Ra2 26. Qd1 Nxc4 27. Rxc4 Qa3 28. Qf3 Rb2 29. Re3 Be5 30. h4 Bd4 31. Rxd4 cxd4 32. Rd3 Rc8 33. h5 Rc3 34. h6 Rbxb3 35. Nh5 Qa8 36. Nf6+ Kh8 37. Nd7 Qd8 0-1

[Event "*** Titled Tuesday Blitz"]
[Site "Chess.com"]
[Date "2019.04.02"]
[Round "6"]
[White "eldur16"]
[Black "MrChessSponge"]
[Result "1/2-1/2"]
[WhiteElo "2503"]
[BlackElo "2272"]
[TimeControl "180+2"]
[EndTime "15:20:04 PDT"]
[Termination "Game drawn by agreement"]

1. e4 e5 2. Nf3 Nc6 3. Bb5 a6 4. Ba4 Nf6 5. O-O Be7 6. Re1 b5 7. Bb3 O-O 8. d4 d6 9. c3 Bg4 10. d5 Na5 11. Bc2 c6 12. h3 Bc8 13. dxc6 Qc7 14.
Nbd2 Qxc6 15. Nf1 Nc4 16. Ng3 Re8 17. a4 Be6 18. Ng5 Bd7 19. Qe2 h6 20. Nf3 Be6 21.
Nh4 g6 22. b3 Na5 23. axb5 axb5 24. Bxh6 Nxb3 25. Bxb3 Bxb3 26. Rxa8 Rxa8 27. Nhf5 gxf5 28. Nxf5 Bd8 29. Qf3 Kh7 30. Bg5 Be6 31. Re3 Kg8 32.
Bh6 Ra1+ 33. Kh2 Kh7 34. Bg5 Kg8 35. Qg3 Kf8 36. Qh4 Bxf5 37. exf5 d5 38. Qh8+ Ke7 39. Rxe5+ Kd7 40. Qf8 Kc8 41. Qxf7 Qxc3 42. Bxf6 Rh1+ 43. Kxh1 Qc1+ 44. Kh2 Qf4+ 45. Kh1 1/2-1/2

[Event "*** Titled Tuesday Blitz"]
[Site "Chess.com"]
[Date "2019.04.02"]
[Round "6"]
[White "Denis_Palkovich"]
[Black "HanSchut"]
[Result "1-0"]
[WhiteElo "2235"]
[BlackElo "2178"]
[TimeControl "180+2"]
[EndTime "15:20:04 PDT"]
[Termination "Denis_Palkovich won on time"]

1. d4 Nf6 2. Bf4 d5 3. e3 e6 4. Nd2 Bd6 5. Ngf3 b6 6. Bd3 Bb7 7. Ne5 Ne4 8. Qf3 Nxd2 9. Kxd2 Qe7 10. h4 Nd7 11. Bb5 Bxe5 12. Bxd7+ Qxd7 13. Bxe5 f6 14. Bg3 O-O-O 15. Rad1 Qa4 16. a3 e5 17. Kc1 e4 18. Qf4 Qd7 19. h5 h6 20. Rh4 Qf7 21. Rg4 Rd7 22. Rg6 Kb8 23. Rh1 Ba6 24. Rh4 Be2 25. Qf5 Rhd8 26. Kd2 Bf1 27. Bf4 Qf8 28. Rhg4 Kb7 29. Rg3 c5 30. Qg4 cxd4 31. exd4 Qe8 32. Rxg7 Rxg7 33. Qxg7+ Rd7 34. Qg6 Qc8 35. Rc3 Qd8 36.
Qxh6 Bxg2 37. Qg6 Qh8 38. Qxg2 Qxh5 39. Qg8 1-0

[Event "*** Titled Tuesday Blitz"]
[Site "Chess.com"]
[Date "2019.04.02"]
[Round "6"]
[White "Zavgorodniy_Serg"]
[Black "JonahWillow"]
[Result "0-1"]
[WhiteElo "2478"]
[BlackElo "2696"]
[TimeControl "180+2"]
[EndTime "15:20:05 PDT"]
[Termination "JonahWillow won by resignation"]

1. e4 c5 2. Nf3 e6 3. d3 d5 4. Qe2 Nc6 5. g3 g6 6. exd5 Qxd5 7. Nc3 Qd8 8. Ne4 Nf6 9. c3 Be7 10. Bh6 Ng4 11. Bg7 Rg8 12. h3 Nxf2 13. Qxf2 Rxg7 14.
Nxc5 Qb6 15. d4 e5 16. Nb3 e4 17. Nfd2 f5 18. O-O-O Be6 19. Nc4 Bxc4 20. Bxc4 O-O-O 21. Kb1 Kb8 22. Qe2 Na5 23. Nxa5 Qxa5 24. Bb3 Bg5 25. h4 Bf6 26. h5 Bg5 27. hxg6 hxg6 28. Be6 Re7 29.
d5 e3 30. g4 f4 31. Qc2 Rg7 32. Rd4 f3 33. Qe4 f2 34. Qe5+ Qc7 35. d6 Qc6 36.
Bd5 Qxd6 37. Qxg5 e2 38. Qc1 Re7 39. Bf3 e1=Q 40. Rxd6 Qxc1+ 41. Kxc1 Rxd6 42. Kc2 Re1 0-1

[Event "*** Titled Tuesday Blitz"]
[Site "Chess.com"]
[Date "2019.04.02"]
[Round "6"]
[White "Perecke"]
[Black "Koksal06"]
[Result "0-1"]
[WhiteElo "2064"]
[BlackElo "2270"]
[TimeControl "180+2"]
[EndTime "15:20:07 PDT"]
[Termination "Koksal06 won by resignation"]

1. e4 e5 2. Nf3 Nc6 3. d4 exd4 4.
Bc4 Bc5 5. c3 d3 6. Qxd3 d6 7.
Bg5 Nf6 8. O-O O-O 9. Nbd2 Be6 10. Bd5 h6 11. Bh4 Re8 12. Bxc6 bxc6 13. Nb3 Bxb3 14. axb3 g5 15. Nxg5 hxg5 16. Bxg5 Re5 17. Qg3 Nh5 18. Qxe5 dxe5 19. Bxd8 Rxd8 20. Rfd1 Re8 21.
Rd7 Bd6 22. Rxa7 Nf6 23. Rdxc7 Bxc7 24. Rxc7 Nxe4 25. Rxc6 Rd8 26. Kf1 Rd2 27. f3 Nf2 28.
b4 Rxb2 29. b5 Nd1 30. c4 Ne3+ 31. Ke1 Nxg2+ 32. Kf1 Ne3+ 33. Kg1 Rg2+ 34. Kh1 Rf2 35. h4 Rxf3 36. b6 Rf1+ 37. Kh2 Rb1 38. c5 Kg7 39. Kg3 Nf5+ 40. Kg4 Nd4 41. Rc7 Rg1+ 42. Kh3 Rb1 43. b7 Ne6 44. Rc8 Rxb7 45. c6 Rc7 0-1

[Event "*** Titled Tuesday Blitz"]
[Site "Chess.com"]
[Date "2019.04.02"]
[Round "6"]
[White "albano87"]
[Black "matiss90"]
[Result "1-0"]
[WhiteElo "2314"]
[BlackElo "2443"]
[TimeControl "180+2"]
[EndTime "15:20:07 PDT"]
[Termination "albano87 won by checkmate"]

1. d4 Nf6 2. Nf3 g6 3. g3 Bg7 4. Bg2 O-O 5. O-O d6 6. a4 a6 7. Re1 Nc6 8. d5 Nb4 9. e4 a5 10. c3 Na6 11. h3 Nc5 12. Nd4 e5 13. dxe6 fxe6 14. Na3 e5 15. Ndb5 Be6 16. c4 Qd7 17.
Kh2 Nfxe4 18. Bxe4 Nxe4 19. Rxe4 Rxf2+ 20. Kg1 Raf8 21. Be3 Rxb2 22. g4 Qc6 23. Qd3 d5 24. Qc3 d4 25. Qxb2 Qxe4 26. Bf2 Bxg4 27. c5 Be6 28. Nxc7 Bc8 29. Nc4 Qd3 30. Nd6 Bxh3 31. Qa2+ Kh8 32. Nf7+ Rxf7 33. Qxf7 h5 34. Ne8 Bh6 35. Nf6 g5 36. c6 bxc6 37. Qg8# 1-0

[Event "*** Titled Tuesday Blitz"]
[Site "Chess.com"]
[Date "2019.04.02"]
[Round "6"]
[White "dopolian"]
[Black "Komissarov_alex"]
[Result "1-0"]
[WhiteElo "2191"]
[BlackElo "2074"]
[TimeControl "180+2"]
[EndTime "15:20:12 PDT"]
[Termination "dopolian won on time"]

1. e4 e5 2. Nf3 Nc6 3. Bb5 Nd4 4. Nxd4 exd4 5. O-O c6 6. Ba4 Nf6 7. e5 Ne4 8. c3 d3 9. Qf3 Nc5 10. Bb3 Nxb3 11.
axb3 d6 12. Qxd3 dxe5 13. Qe2 Qd5 14. d4 Qxb3 15. Qxe5+ Qe6 16. Qg3 Qg6 17. Re1+ Be7 18. Bg5 Be6 19. Bxe7 Qxg3 20. hxg3 Kxe7 21. f4 Kd6 22.
Nd2 f5 23. Re5 g6 24. Rae1 Rhe8 25. Kf2 Bf7 26. Nc4+ Kd7 27. Rxe8 Bxe8 28. b4 b5 29. Ne5+ Kd6 30. Ra1 Bd7 31. Ke3 Kc7 32. d5 cxd5 33.
Kd4 Bc6 34. Ra6 Bb7 35. Rf6 a5 36. Rf7+ Kb6 37. Nd7+ Kc6 38. Nc5 1-0

[Event "*** Titled Tuesday Blitz"]
[Site "Chess.com"]
[Date "2019.04.02"]
[Round "6"]
[White "EvgenyT"]
[Black "GataKamsky1974"]
[Result "1/2-1/2"]
[WhiteElo "2931"]
[BlackElo "2770"]
[TimeControl "180+2"]
[EndTime "15:20:13 PDT"]
[Termination "Game drawn by agreement"]

1. d4 d5 2. c4 c6 3. Nf3 Nf6 4. Nc3 a6 5. e3 g6 6. Be2 Bg7 7. O-O O-O 8. Bd2 Bg4 9. cxd5 cxd5 10. Qb3 Ra7 11. Ne5 Bxe2 12. Nxe2 Nfd7 13. Nxd7 Qxd7 14.
Nf4 e6 15. Nd3 Nc6 16. Rac1 Rc8 17. Qb6 Bf6 18. Nc5 Qc7 19. Qxc7 Rxc7 20. Na4 b5 21. Nc5 a5 22. Nd3 Be7 23. Rfd1 Bd6 24. Kf1 a4 25. Rc2 Ne7 26. Rdc1 Rxc2 27. Rxc2 Rc7 28. Rxc7 Bxc7 29. Bb4 Nc6 30. Bc5 f6 31. h3 Kf7 32. Ke2 e5 33. dxe5 fxe5 34. f3 Ke6 35. e4 d4 36.
Bb4 g5 37. Bd2 Bd8 38. Kd1 Be7 39. Kc2 h5 40. b3 axb3+ 1/2-1/2

[Event "*** Titled Tuesday Blitz"]
[Site "Chess.com"]
[Date "2019.04.02"]
[Round "6"]
[White "mikhaillushenkov"]
[Black "bascheyaro"]
[Result "1-0"]
[WhiteElo "2677"]
[BlackElo "2716"]
[TimeControl "180+2"]
[EndTime "15:20:14 PDT"]
[Termination "mikhaillushenkov won by resignation"]

1. Nf3 d5 2. d4 Nf6 3. c4 e6 4. Nc3 Be7 5. Qc2 O-O 6. e4 dxe4 7. Nxe4 Nxe4 8. Qxe4 Nd7 9. Bd3 Nf6 10. Qh4 c5 11.
O-O cxd4 12. Bg5 Re8 13. Ne5 h6 14. Bxh6 gxh6 15. Qxh6 Bf8 16. Qh4 Bg7 17. f4 Nd7 18. Qh7+ Kf8 19. Rae1 b6 20. Rf3 Nf6 21. Qh4 Ng8 22. Qh5 Qf6 23. b4 Rd8 24. c5 bxc5 25. bxc5 Rb8 26. Nc6 Bb7 27. Nxb8 Bxf3 28. Qxf3 Rxb8 29.
c6 Ne7 30. Rc1 Rc8 31. g3 Nd5 32. Be4 Qe7 33. Qb3 Nc3 34. Bf3 Qc5 35. Kg2 Rxc6 36. Bxc6 Qxc6+ 37. Kh3 Bf6 38. Qb8+ Kg7 39. Qxa7 Ne4 40.
Rxc6 d3 41. Qe3 d2 42. Rd6 Nxd6 43. Qxd2 Be7 44. a4 Kg8 45. a5 Nc4 46. Qd7 Nxa5 47.
Qxe7 Nb3 48. Qg5+ Kf8 49. Qe5 Kg8 1-0

[Event "*** Titled Tuesday Blitz"]
[Site "Chess.com"]
[Date "2019.04.02"]
[Round "6"]
[White "m3alam"]
[Black "INLOVEWITHF"]
[Result "1-0"]
[WhiteElo "2437"]
[BlackElo "2271"]
[TimeControl "180+2"]
[EndTime "15:20:14 PDT"]
[Termination "m3alam won by resignation"]

1. d4 d5 2. Nf3 Nf6 3. c4 c6 4. cxd5 cxd5 5. Nc3 Nc6 6. Bf4 Bf5 7. e3 e6 8. Be2 Be7 9. O-O O-O 10. Nh4 Be4 11. f3 Bg6 12. Nxg6 hxg6 13.
Bg3 Bd6 14. Bh4 Ne7 15. e4 e5 16. Kh1 exd4 17. Qxd4 Nc6 18. Qf2 Be7 19. Bxf6 Bxf6 20. Nxd5 Bxb2 21. Rab1 Bd4 22. Qg3 Qd7 23. Rfd1 Rab8 24.
Bb5 Qe6 25. Bxc6 Be5 26. Qh4 g5 27. Qxg5 f6 28. Ne7+ Qxe7 29. Bd5+ Rf7 30. Qf5 b6 31. f4 Bc3 32. Bxf7+ Qxf7 33. Rd7 Qxa2 34. Rbd1 Rf8 35. Qg6 f5 36. e5 Rf7 37. Rxf7 Qxf7 38. Rd8+ Qf8 39. Qe6+ Kh7 40. Rxf8 Bxe5 1-0

[Event "*** Titled Tuesday Blitz"]
[Site "Chess.com"]
[Date "2019.04.02"]
[Round "6"]
[White "enriquetejedor"]
[Black "KhalilMousavi77"]
[Result "0-1"]
[WhiteElo "2532"]
[BlackElo "2734"]
[TimeControl "180+2"]
[EndTime "15:20:18 PDT"]
[Termination "KhalilMousavi77 won by checkmate"]

1. e4 e6 2. d4 d5 3. Nd2 c5 4. exd5 exd5 5. Ngf3 Nc6 6. Bb5 Bd6 7. O-O Ne7 8. dxc5 Bxc5 9. Nb3 Bd6 10. h3 O-O 11. c3 h6 12. Bd3 Bc7 13. Qc2 Qd6 14. Re1 Ng6 15. Be3 b6 16. Nbd4 Nxd4 17. Bxd4 Bd7 18.
Ne5 Nf4 19. Bf5 Bxf5 20. Qxf5 Ne6 21. Rad1 Rae8 22. Be3 Qxe5 23. Qxe5 Bxe5 24. Rxd5 Bb8 25. g3 Rd8 26. Red1 Rxd5 27. Rxd5 Rd8 28. Rxd8+ Nxd8 29. Kg2 Kf8 30. Kf3 Ke7 31. Ke4 Ke6 32. g4 Nc6 33. f4 Kd7 34. b4 Ne7 35. c4 Nc8 36. f5 f6 37. a4 Be5 38. c5 bxc5 39. Bxc5 Bd6 40.
Kd5 Ne7+ 41. Kc4 Nc6 42. a5 a6 43. h4 Ne5+ 44. Kd5 Bxc5 45. Kxc5 Nd3+ 46. Kc4 Ne5+ 47. Kc5 Kc7 48. b5 axb5 49. Kxb5 Nxg4 50. Ka6 Ne3 51. Ka7 Nxf5 52. Ka8 Nd6 53. h5 Nc8 54.
a6 f5 55. a7 Nb6# 0-1

[Event "*** Titled Tuesday Blitz"]
[Site "Chess.com"]
[Date "2019.04.02"]
[Round "6"]
[White "Gareth-Bale11"]
[Black "bugsbunny444"]
[Result "1/2-1/2"]
[WhiteElo "2700"]
[BlackElo "2498"]
[TimeControl "180+2"]
[EndTime "15:20:26 PDT"]
[Termination "Game drawn by repetition"]

1. d4 e6 2. Nf3 c5 3. c3 Nc6 4. Bf4 Nf6 5. e3 d5 6. Nbd2 cxd4 7. exd4 Nh5 8. Be3 Bd6 9. Bd3 Nf4 10. Bxf4 Bxf4 11. Qe2 O-O 12. g3 Bh6 13. Kf1 f6 14. Nb3 e5 15. dxe5 Bh3+ 16. Kg1 fxe5 17. Nxe5 Qb6 18.
Nxc6 Rxf2 19. Qxf2 Be3 20. Ncd4 Bxf2+ 21. Kxf2 Qf6+ 22. Ke2 Re8+ 23. Kd2 Qf2+ 24. Ne2 Bf5 25. Bb5 Qe3+ 26. Kd1 Bd7 27. Bxd7 Qxe2+ 28. Kc1 Re7 29.
Nd4 Qe3+ 30. Kc2 Qe4+ 31. Kb3 Rxd7 32. Rae1 Qd3 33. Rhf1 h6 34. Rf3 Qc4+ 35. Kc2 Rc7 36. Kd2 Qa6 37. Re8+ Kh7 38. Ne6 Rc6 39. Nf8+ Kg8 40.
Ng6+ Kh7 41. Nf8+ Kg8 42. Ne6+ Kh7 43. Nf8+ Kg8 1/2-1/2

[Event "*** Titled Tuesday Blitz"]
[Site "Chess.com"]
[Date "2019.04.02"]
[Round "6"]
[White "Caterpiller35"]
[Black "pastouche06"]
[Result "1-0"]
[WhiteElo "2226"]
[BlackElo "2378"]
[TimeControl "180+2"]
[EndTime "15:20:27 PDT"]
[Termination "Caterpiller35 won by resignation"]

1. d4 Nf6 2. Bf4 d5 3. e3 e6 4. c3 Bd6 5. Bg3 O-O 6. Nd2 c5 7. Ngf3 Qc7 8. Bd3 Nbd7 9. e4 cxd4 10. Nxd4 Bxg3 11. hxg3 Nc5 12. Bc2 dxe4 13. g4 e3 14. g5 exd2+ 15. Qxd2 Qe5+ 16. Kf1 Nfe4 17. Qe3 Qxg5 18. Qxg5 Nxg5 19. f4 Nge4 20. b4 Ng3+ 21. Kf2 Nce4+ 22. Kf3 f5 23. Rh3 Nd2+ 24. Kxg3 h6 25.
Rd1 Nc4 26. Bb3 Nd6 27. Nxe6 Ne4+ 28. Kf3 Bxe6 29. Bxe6+ Kh8 30. Rd3 Rae8 31. Bd5 Re7 32. Rh5 Rf6 33. c4 b6 34. Rd4 Nc3 35. a3 Kh7 36. g4 fxg4+ 37. Kxg4 Ne2 38. Re4 Rxe4 39. Bxe4+ g6 40. Re5 Rxf4+ 41. Kh3 Kg7 42. Bd5 Rf2 43. Re7+ Kf6 44. Rf7+ 1-0

[Event "*** Titled Tuesday Blitz"]
[Site "Chess.com"]
[Date "2019.04.02"]
[Round "6"]
[White "DACF2905"]
[Black "HrvojeZagreb"]
[Result "1/2-1/2"]
[WhiteElo "2081"]
[BlackElo "2046"]
[TimeControl "180+2"]
[EndTime "15:20:31 PDT"]
[Termination "Game drawn - insufficient material"]

1. e4 e6 2. d4 d5 3. Nc3 dxe4 4. Nxe4 Nd7 5. Nf3 Ngf6 6. Nxf6+ Nxf6 7. Bd3 b6 8. Qe2 Bb7 9. c3 Be7 10. Bg5 h6 11. Bxf6 Bxf6 12. O-O-O O-O 13. Be4 Bxe4 14. Qxe4 Qd5 15. Qxd5 exd5 16. Rhe1 Rfe8 17. Kc2 Kf8 18. Kd3 Rxe1 19. Rxe1 Re8 20. Rxe8+ Kxe8 21. h3 Kd7 22. b3 c5 23. dxc5 bxc5 24. g4 Kc6 25. a4 g6 26.
Ng1 Kd6 27. f4 Ke6 28. Nf3 Bg7 29. b4 c4+ 30. Kc2 f5 31. Nd4+ Bxd4 32. cxd4 fxg4 33. hxg4 h5 34. gxh5 gxh5 35. b5 h4 36. a5 h3 37. b6 axb6 38. a6 h2 39. a7 h1=Q 40. a8=Q Qe4+ 41. Kd1 Qxd4+ 42. Kc2 Qe4+ 43. Kc3 Qd3+ 44.
Kb2 c3+ 45. Ka3 c2+ 46. Kb2 Qd2 47. Qe8+ Kd6 48. Qd8+ Kc5 49. Qc7+ Kb5 50. Qd7+ Ka6 51. Qa4+ Qa5 52. Qxa5+ bxa5 53. f5 a4 54. f6 d4 55.
f7 a3+ 56. Kxc2 a2 57. Kb2 d3 58. Kxa2 d2 59. f8=Q d1=Q 60. Qa8+ Kb6 61. Qb8+ Ka6 62.
Qc8+ Kb6 63. Qb8+ Ka6 64. Qa8+ Kb6 65. Qb8+ Ka6 66. Qc8+ Kb6 67. Qe6+ Ka5 68. Qe5+ Kb6 69. Qe3+ Ka5 70. Qa3+ Qa4 71. Qxa4+ Kxa4 1/2-1/2

[Event "*** Titled Tuesday Blitz"]
[Site "Chess.com"]
[Date "2019.04.02"]
[Round "6"]
[White "fidezivkovic"]
[Black "scrapnel"]
[Result "1-0"]
[WhiteElo "2330"]
[BlackElo "2513"]
[TimeControl "180+2"]
[EndTime "15:20:36 PDT"]
[Termination "fidezivkovic won on time"]

1. e4 c5 2. Nc3 Nc6 3. f4 g6 4. Nf3 Bg7 5. Bb5 Nd4 6. O-O Nxb5 7. Nxb5 Nf6 8. d3 d6 9. Nc3 O-O 10. Qe1 e6 11. Qh4 Nd7 12. Qg3 Qe7 13. f5 Ne5 14. Kh1 Bd7 15. fxg6 fxg6 16. Bg5 Qf7 17. Qh4 Bc6 18. Be7 Bf6 19. Bxf6 Qxf6 20. Qg3 Nxf3 21. Rxf3 Qd4 22. Raf1 c4 23. Qh3 Rxf3 24. Qxf3 cxd3 25. cxd3 Qg7 26. Qg4 Qe7 27. h3 Rf8 28. Rxf8+ Kxf8 29. Qf4+ Kg7 30. Qe3 a6 31. a4 Qf6 32. d4 Qf1+ 33. Kh2 Qf7 34. b4 Bd7 35. b5 axb5 36. axb5 Qf1 37. d5 exd5 38. exd5 Qf6 39. b6 Bf5 40.
Nb5 h5 41. Qg3 Be4 42. Nxd6 h4 43. Qa3 1-0

[Event "*** Titled Tuesday Blitz"]
[Site "Chess.com"]
[Date "2019.04.02"]
[Round "6"]
[White "Joseph_Truelson"]
[Black "Kawhi_Leonard2"]
[Result "1-0"]
[WhiteElo "2277"]
[BlackElo "2200"]
[TimeControl "180+2"]
[EndTime "15:20:39 PDT"]
[Termination "Joseph_Truelson won on time"]

1. d4 Nf6 2. Nc3 d5 3. Bf4 e6 4.
Nb5 Na6 5. e3 c6 6. Nc3 Bd6 7.
Bxa6 bxa6 8. Nf3 Rb8 9. Rb1 a5 10. O-O c5 11. Bxd6 Qxd6 12. dxc5 Qxc5 13. Qd4 Qc7 14.
a4 Ba6 15. Rfe1 Rb4 16. Qe5 Qb6 17. Nd4 O-O 18. b3 Rc8 19. Ncb5 Bxb5 20. axb5 Nd7 21.
Qg3 a6 22. Nc6 Rxc6 23. bxc6 Qxc6 24. c4 h6 25. cxd5 Qxd5 26. Red1 Qb7 27. Qd6 Nf6 28. Ra1 Rxb3 29. Rxa5 Rb6 30. Qd8+ Kh7 31. h3 Rb2 32. Qd3+ g6 33. Rxa6 Ne4 34. Rf1 Rd2 35. Qc4 Nd6 36. Qc6 Qb2 37. Ra7 Kg7 38. Rd7 Nf5 39. Rxd2 Qxd2 40.
Qf3 h5 41. g3 Qc2 42. Rd1 e5 43. Rd7 e4 44. Qd1 Qc3 45. Qd5 Nxg3 46. Qxf7+ Kh6 47. Qf4+ 1-0

[Event "*** Titled Tuesday Blitz"]
[Site "Chess.com"]
[Date "2019.04.02"]
[Round "6"]
[White "Vuk2000"]
[Black "iLuusions"]
[Result "1-0"]
[WhiteElo "2720"]
[BlackElo "2615"]
[TimeControl "180+2"]
[EndTime "15:20:43 PDT"]
[Termination "Vuk2000 won by resignation"]

1. d4 Nf6 2. Bg5 d5 3. e3 c5 4.
Bxf6 exf6 5. Nc3 Be6 6. g3 Nc6 7.
Nge2 Qb6 8. Rb1 cxd4 9. exd4 Bb4 10. Bg2 Bxc3+ 11. Nxc3 Rd8 12. O-O Qxd4 13. Qxd4 Nxd4 14. Rbc1 Nc6 15. Rfd1 d4 16. Nb5 O-O 17. Bxc6 bxc6 18. Nxd4 Rd5 19. Nxc6 Rc5 20. Nd4 Bd5 21. a3 Rfc8 22.
c3 g6 23. Rd2 a5 24. Nc2 Kg7 25. Ne3 Bf3 26. Rd4 h5 27. Rf4 Bb7 28. h4 f5 29.
Rd4 Bf3 30. Nf1 Re5 31. b4 axb4 32. axb4 Re2 33. Rd3 Be4 34. Re3 Rb2 35. Ree1 Rb3 36. Nd2 Rbxc3 37. Rxc3 Rxc3 38. Nxe4 fxe4 39. Rxe4 Rb3 40.
Rf4 Rb2 41. Kf1 Kg8 42. Kg2 Kg7 43. Kf3 Rb3+ 44. Ke2 f6 45. Kd2 g5 46. Kc2 Ra3 47. Kb2 Rd3 48. Rc4 Rd2+ 49. Rc2 Rxf2 50. Rxf2 1-0

[Event "*** Titled Tuesday Blitz"]
[Site "Chess.com"]
[Date "2019.04.02"]
[Round "6"]
[White "Jospem"]
[Black "Ginger_GM"]
[Result "0-1"]
[WhiteElo "2764"]
[BlackElo "2624"]
[TimeControl "180+2"]
[EndTime "15:20:44 PDT"]
[Termination "Ginger_GM won by checkmate"]

1. c4 f5 2. Nf3 Nf6 3. d4 e6 4. g3 Be7 5. Bg2 O-O 6. O-O d6 7. b3 a5 8. Nc3 Qe8 9. Bb2 Qh5 10. Qd3 Nc6 11. d5 Nb4 12. Qd1 e5 13. a3 Na6 14.
b4 f4 15. Qd3 Bf5 16. e4 fxe3 17. Qxe3 Ng4 18. Qe2 Bd3 19. Qd1 e4 20. h3 exf3 21.
Bxf3 Rxf3 22. Qxf3 Qxh3 23. Qg2 Qxg2+ 24. Kxg2 Bxf1+ 25. Kxf1 Rf8 26. Ne4 Ne3+ 27. Kg1 Nxc4 28. Bc3 a4 29. Bd4 b5 30. Nc3 Rb8 31. Ne4 Kf7 32.
Kg2 Rc8 33. Rh1 h6 34. Ra1 c6 35. dxc6 Rxc6 36. Nc3 Nc7 37. Ne4 d5 38. Nc3 Bf6 39.
Bxf6 Rxf6 40. Ne2 Ne6 41. Nc3 Nc7 42. Ne2 Re6 43. Nf4 Re5 44. Kf3 Ne6 45. Nd3 Rf5+ 46. Kg2 h5 47. Ra2 g5 48. Ra1 g4 49. Re1 Kf6 50. Nc5 Nxc5 51. bxc5 d4 52. c6 Rc5 53.
Re4 d3 54. Rd4 d2 55. f4 Rxc6 56.
Kf2 Rd6 57. Ke2 Rxd4 58. Kd1 Nxa3 59. Ke2 d1=Q+ 60. Ke3 Qd2# 0-1

[Event "*** Titled Tuesday Blitz"]
[Site "Chess.com"]
[Date "2019.04.02"]
[Round "6"]
[White "MaxLeto"]
[Black "FrenchMonster2002"]
[Result "0-1"]
[WhiteElo "2314"]
[BlackElo "2357"]
[TimeControl "180+2"]
[EndTime "15:20:45 PDT"]
[Termination "FrenchMonster2002 won by resignation"]

1. d4 Nf6 2. h4 c5 3. d5 e6 4. c4 b5 5. Nf3 Bb7 6. Nc3 b4 7. Na4 exd5 8. cxd5 Bxd5 9. Bg5 Bc6 10. Rc1 h6 11. Bxf6 Qxf6 12. Nxc5 Bxc5 13. Rxc5 Qxb2 14. Re5+ Kd8 15. Rc5 Qxa2 16. Ne5 Kc7 17. e3 d6 18.
Bc4 Qb2 19. Nxf7 dxc5 20. Qd6+ Kb6 21. O-O Rc8 22. Ne5 a5 23. Be6 Qe2 24. Bxc8 a4 25. Bg4 Qb5 26. Bf3 a3 27. Qd8+ Kb7 28.
Qe7+ Kb6 29. Qd8+ Kb7 30. Rd1 Bxf3 31. gxf3 a2 32. Qe7+ Kb6 33. Rd6+ Ka5 34. Qc7+ Ka4 35. Rd1 Kb3 36. Qf7+ c4 37. Qf5 a1=Q 38. Rxa1 Rxa1+ 39. Kg2 Nc6 40. Nxc6 Qxf5 41. Nd4+ Kc3 42. Nxf5 b3 43. Nxg7 b2 44. Nf5 b1=Q 45. Nxh6 Qg6+ 46. Ng4 Qh5 47. Kg3 Rg1+ 48. Kf4 Qxh4 49. e4 Rxg4+ 50. fxg4 Qxf2+ 0-1

[Event "*** Titled Tuesday Blitz"]
[Site "Chess.com"]
[Date "2019.04.02"]
[Round "6"]
[White "riconaipe"]
[Black "sere99"]
[Result "1/2-1/2"]
[WhiteElo "2430"]
[BlackElo "2289"]
[TimeControl "180+2"]
[EndTime "15:20:48 PDT"]
[Termination "Game drawn by agreement"]

1. d4 d5 2. c4 e6 3. Nc3 Nf6 4. cxd5 exd5 5. Bg5 Be7 6. e3 c6 7. Bd3 Nbd7 8. Nge2 O-O 9. O-O Re8 10. Qc2 h6 11. Bf4 Nf8 12. h3 a6 13. Be5 Ne6 14.
f4 Nd7 15. f5 Ng5 16. Bf4 Nf6 17. Ng3 Bd6 18. Rae1 Bxf4 19. Rxf4 Qd6 20. Qf2 Bd7 21. h4 Ngh7 22. e4 dxe4 23. Ngxe4 Nxe4 24. Nxe4 Qf8 25. Rf1 f6 26. Bc4+ Kh8 27. Nc5 Qd6 28. Qg3 b5 29.
Be6 Nf8 30. Bxd7 Nxd7 31. Ne6 Re7 32. Rg4 Qxg3 33. Rxg3 Nf8 34. Nxf8 Rxf8 35. Rc1 Rd8 36. Rxc6 Rxd4 37. Rxa6 Rxh4 38. Rd3 Rf4 39. Rd5 b4 40.
Re6 Rc7 41. Kh2 h5 42. Kg3 Rg4+ 43. Kf3 Kh7 44. Re4 Rc2 45. Rxg4 hxg4+ 46. Kxg4 Rxg2+ 47. Kf4 Rxb2 48. Rb5 Kh6 49. Kg4 Rg2+ 50. Kf3 Rb2 51. Kg4 Kh7 52. Rb8 Rg2+ 53. Kf4 Rb2 54. Kg4 g6 55.
fxg6+ Kxg6 56. Kf4 Rf2+ 57. Ke4 Rb2 58. Kf4 Kf7 59. Rb6 Ke7 60. Kf5 Rf2+ 61. Ke4 Re2+ 62. Kf5 Rf2+ 63. Ke4 f5+ 64. Ke5 Rxa2 65. Rb7+ Kd8 66.
Rxb4 1/2-1/2